 Dungeon Crawl Stone Soup version 0.27-a0-1066-g29160eaed2 (webtiles) character file.

Game seed: 16206712955635947504

74 LordDeathwing the Skirmisher (level 4, -3/40 HPs)
             Began as a Hill Orc Fighter on Apr 24, 2021.
             Succumbed to a scorpion's poison
             ... on level 2 of the Dungeon.
             The game lasted 00:03:14 (1510 turns).

LordDeathwing the Skirmisher (Hill Orc Fighter)     Turns: 1510, Time: 00:03:14

Health: -3/40      AC:  8    Str: 19    XL:     4   Next: 30%
Magic:  4/4        EV:  7    Int:  8    God:
Gold:   42         SH:  9    Dex: 10    Spells: 3/3 levels left

rFire    . . .     SeeInvis .   a - +0 war axe
rCold    . . .     Faith    .   c - +0 kite shield
rNeg     . . .     Spirit   .   b - +0 scale mail
rPois    .         Reflect  .   (no helmet)
rElec    .         Harm     .   (no cloak)
rCorr    .         Rampage  .   (no gloves)
Will     .....                  g - +0 pair of boots
Stlth    ..........             (no amulet)
HPRegen  0.13/turn              (no ring)
MPRegen  0.09/turn              (no ring)

@: lethally poisoned (-3 -> -32)
A: no striking features
a: no special abilities


You were on level 2 of the Dungeon.
You visited 1 branch of the dungeon, and saw 2 of its levels.

You collected 42 gold pieces.

Inventory:

Hand Weapons
 a - a +0 war axe (weapon)
Armour
 b - a +0 scale mail (worn)
 c - a +0 kite shield (worn)
 g - a +0 pair of boots (worn)
Scrolls
 e - a scroll of amnesia {unknown}
 i - a scroll of noise {unknown}
 j - 2 scrolls of identify {unknown}
Potions
 d - 2 potions of might
 f - 2 potions of heal wounds {unknown}
 h - a potion of magic {unknown}


   Skills:
 + Level 4.0 Fighting
 * Level 4.0 Axes
 * Level 4.0 Armour
 + Level 1.0 Stealth
 + Level 3.6 Shields


You had 3 spell levels left.
You didn't know any spells.
Your spell library contained the following spells:

 Spells                   Type           Power      Damage    Failure   Level
 Confusing Touch          Hex            0%         N/A       100%        3
 Gell's Gravitas          Tloc           0%         N/A       100%        3
 Petrify                  Tmut/Erth      0%         N/A       100%        4
 Metabolic Englaciation   Hex/Ice        0%         N/A       100%        5
 Yara's Violent Unravell  Hex/Tmut       0%         3d3       100%        5


Dungeon Overview and Level Annotations

Branches:
Dungeon (2/15)

Altars:


Message History

A bat comes into view.
The bat hits you but does no damage.
There is a stone staircase leading down here.
You slash the bat!
You kill the bat!
The scorpion stings you.
You are poisoned.
The scorpion poisons you!
Your Stealth skill increases to level 1!
You slash the scorpion!
The scorpion is heavily wounded.
You feel very sick. You block the scorpion's attack. The scorpion stings you.
You are more poisoned.
The scorpion poisons you!
You closely miss the scorpion.
The scorpion is heavily wounded.
You feel extremely sick. The scorpion barely misses you.
You block the scorpion's attack.
You hit the scorpion.
The scorpion is severely wounded.
You feel very sick. You block the scorpion's attack. x2
You closely miss the scorpion.
The scorpion is heavily wounded.
You feel very sick. The scorpion stings you.
You hit the scorpion but do no damage.
The scorpion is heavily wounded.
You feel very sick. The scorpion stings you.
* * * LOW HITPOINT WARNING * * *
You are lethally poisoned!
The scorpion poisons you! The scorpion stings you.
* * * LOW HITPOINT WARNING * * *
You are more poisoned.
The scorpion poisons you!
You slash the scorpion!
You kill the scorpion!
You die...

# #.### #.
.... ##
#.##.....
.....#. .....
... #†# #@#
#.# #.# #.#
#†# #.# #.#
###########)#
#........##.#


There were no monsters in sight!

Vanquished Creatures
  A scorpion (D:2)
  2 adders (D:2)
  2 dart slugs
  3 endoplasms (D:1)
  4 goblins
  4 hobgoblins (D:1)
  8 jackals
  2 kobolds (D:1)
  8 ball pythons
  8 bats
  4 frilled lizards (D:1)
  4 rats
50 creatures vanquished.

Notes
Turn   | Place    | Note
-------+----------+-------------------------------------------
     0 | D:1      | LordDeathwing the Hill Orc Fighter began the quest for the
                  | Orb.
     0 | D:1      | Reached XP level 1. HP: 19/19 MP: 1/1
    76 | D:1      | Reached XP level 2. HP: 27/27 MP: 2/2
   359 | D:1      | Reached XP level 3. HP: 33/33 MP: 3/3
  1098 | D:2      | Reached XP level 4. HP: 30/40 MP: 4/4
  1502 | D:2      | Noticed a scorpion
  1505 | D:2      | Reached skill level 1 in Stealth
  1510 | D:2      | Killed a scorpion
  1510 | D:2      | Succumbed to a scorpion's poison

Illustrated notes

Levels and vault maps discovered:
D:1:      minmay_arrival_diagonal_passages, layout_rooms
D:2:      layout_loops_corners, grunt_ministairs_5

Skill      XL: |  1  2  3  4 |
---------------+-------------+-----
Axes           | 3 4 |  4.0
Fighting       | 4 |  4.0
Armour         | 4 |  4.0
Stealth        | 1 |  1.0
Shields        | |  3.6

Action                   |  1- 3 |  4- 6 || total
-------------------------+-------+-------++-------
Melee: War axe           |   100 |    24 ||   124
Armor: Scale mail        |    69 |     7 ||    76
Dodge: Dodged            |    44 |     5 ||    49
Block: Kite shield       |    69 |    17 ||    86

Table legend: (Time is in decaauts)
 A = Elapsed time spent in this place.
 B = Non-inter-level travel time spent in this place.
 C = Inter-level travel time spent in this place.
 D = Time resting spent in this place.
 E = Time spent auto-exploring this place.
 F = Levels seen in this place.
 G = Mean time per level.
                   A        B        C        D        E       F      G
               +--------+--------+--------+--------+--------+-----+--------+
         Total |   1578 |   1561 |     17 |    103 |   1108 |   2 |  789.0 |
       Dungeon |   1578 |   1561 |     17 |    103 |   1108 |   2 |  789.0 |
               +--------+--------+--------+--------+--------+-----+--------+

Top non-repeatable levels by time:
     D:1: 860 daAuts
     D:2: 718 daAuts
